 Dungeon Crawl Stone Soup version 0.30-a0-465-g8901f6c8b5 (webtiles) character file.

Game seed: 13588915397074265522

3257 Armakuni the Twirler (level 10, -6/76 HPs)
             Began as a Human Fighter on Dec 18, 2022.
             Was a Believer of Elyvilon.
             Mangled by a two-headed ogre
             ... wielding a +0 giant club
              (29 damage)
             ... on level 8 of the Dungeon.
             The game lasted 00:27:14 (7889 turns).

Armakuni the Twirler (Human Fighter)                Turns: 7889, Time: 00:27:15

Health: -6/76      AC: 12    Str: 21    XL:     10   Next: 19%
Magic:  13/14      EV: 12    Int:  8    God:    Elyvilon [**....]
Gold:   486        SH:  5    Dex: 13    Spells: 9/9 levels left

rFire   . . .      SeeInvis +    b - +1 short sword (venom)
rCold   . . .      Faith    .    c - +1 buckler
rNeg    . . .      Spirit   .    j - +0 ring mail
rPois   .          Reflect  .    r - +0 helmet
rElec   .          Harm     .    D - +0 cloak
rCorr   .          Rampage  .    (no gloves)
Will    .....                    (no boots)
Stlth   +.........               (no amulet)
HPRegen 0.32/turn                I - ring of see invisible
MPRegen 0.14/turn                A - +4 ring of protection

@: no status effects
A: no striking features
a: Renounce Religion, Purification, Heal Other


You were on level 8 of the Dungeon.
You worshipped Elyvilon.
Elyvilon was pleased with you.
You visited 2 branches of the dungeon, and saw 9 of its levels.

You collected 486 gold pieces.

Inventory:

Hand Weapons
 a - a +4 mace
 b - a +1 short sword of venom (weapon)
 B - a +0 hand crossbow
Armour
 c - a +1 buckler (worn)
 i - a scarf of invisibility
 j - a +0 ring mail (worn)
 r - a +0 helmet (worn)
 D - a +0 cloak (worn)
 E - a +0 plate armour
Jewellery
 A - a +4 ring of protection (right hand)
 G - a +6 ring of intelligence
 H - a ring of flight
 I - a ring of see invisible (left hand)
 R - an amulet of regeneration
Wands
 k - a wand of digging (1)
 p - a wand of polymorph (4)
 K - a wand of flame (22)
Scrolls
 l - 2 scrolls of noise
 t - a scroll of fear
 u - 6 scrolls of teleportation
 v - a scroll of immolation
 w - 5 scrolls of blinking
 z - a scroll of enchant armour
 C - 2 scrolls of fog
 J - a scroll of amnesia
Potions
 d - 2 potions of might
 e - 2 potions of heal wounds {unknown}
 f - 5 potions of brilliance
 g - 3 potions of lignification
 h - 2 potions of magic {unknown}
 m - 2 potions of flight {unknown}
 n - a potion of berserk rage {unknown}
 o - a potion of resistance {unknown}
 q - 2 potions of haste {unknown}
 s - 5 potions of curing
 y - 3 potions of cancellation {unknown}
 F - 2 potions of mutation {unknown}


   Skills:
 - Level 6.0 Fighting
 - Level 2.0(5.2) Maces & Flails
 + Level 3.5(6.0) Polearms
 - Level 7.6(8.1) Staves
 - Level 6.0 Armour
 - Level 4.0 Dodging
 - Level 3.0 Shields
 - Level 6.0 Invocations
 - Level 3.0 Evocations


You had 9 spell levels left.
You didn't know any spells.
Your spell library contained the following spells:

 Spells                   Type           Power      Damage    Failure   Level
 Sandblast                Erth           0%         2d4       65%         1
 Cigotuvi's Dreadful Rot  Necr/Pois/Air  0%         N/A       80%         2
 Passwall                 Tmut/Erth      0%         N/A       80%         2
 Poisonous Vapours        Pois/Air       0%         N/A       80%         2
 Sublimation of Blood     Necr           0%         N/A       80%         2
 Dazzling Flash           Conj/Hex       0%         N/A       95%         3
 Gell's Gravitas          Tloc           0%         N/A       95%         3
 Lesser Beckoning         Tloc           0%         N/A       95%         3
 Mephitic Cloud           Conj/Pois/Air  0%         N/A       95%         3
 Stone Arrow              Conj/Erth      0%         3d7       95%         3
 Summon Guardian Golem    Hex/Summ       0%         N/A       95%         3
 Teleport Other           Tloc           0%         N/A       95%         3
 Petrify                  Tmut/Erth      0%         N/A       100%        4
 Agony                    Necr           0%         N/A       100%        5
 Irradiate                Conj/Tmut      0%         3d11      100%        5
 Silence                  Hex/Air        0%         N/A       100%        5
 Orb of Destruction       Conj           0%         9d5       100%        7
 Spellforged Servitor     Conj/Summ      0%         N/A       100%        7


Dungeon Overview and Level Annotations

Branches:
Dungeon (8/15)             Temple (1/1) D:4
   Lair: D:8-11

Altars:
Ashenzari
Dithmenos
Elyvilon
Hepliaklqana
Kikubaaqudgha
Makhleb
Nemelex Xobeh
Ru
Sif Muna
Uskayaw
Vehumet
Wu Jian
Xom
Yredelemnul
Zin

Shops:
D:6 ?*(   D:8 :

Portals:
Bailey: D:8

Annotations:
D:8 Maurice


Message History

The two-headed ogre resists with some effort.
The orc warrior closely misses you.
Aiming: Paralyse
Press: ? - help, Shift-Dir - straight line, f/p - orc warrior
Aim: an orc warrior, wielding a +0 glaive and wearing +0 fire dragon scales (severely wounded, extremely poisoned, chance to affect: 56%)
The two-headed ogre resists with some effort.
The now-empty wand crumbles to dust.
The two-headed ogre hits you with a +0 giant club.
The two-headed ogre hits you with a +0 giant club!!
The orc warrior barely misses you.
You are healed.
You can no longer provide healing for yourself.
The orc warrior barely misses you.
You barely miss the two-headed ogre.
The two-headed ogre is severely wounded.
You block the two-headed ogre's attack.
The two-headed ogre hits you with a +0 giant club!
The orc warrior hits you from afar with a +0 glaive.
You hit the two-headed ogre.
The two-headed ogre looks even sicker.
The two-headed ogre is almost dead.
The two-headed ogre hits you with a +0 giant club!
* * * LOW HITPOINT WARNING * * *
The two-headed ogre closely misses you.
The orc warrior hits you but does no damage.
You hit the two-headed ogre but do no damage.
The two-headed ogre is almost dead.
You kill the orc warrior!
The two-headed ogre closely misses you. The two-headed ogre barely misses you.
You hit the two-headed ogre.
The two-headed ogre looks as sick as possible!
The two-headed ogre is almost dead.
You hit the two-headed ogre.
The two-headed ogre looks as sick as possible!
The two-headed ogre is almost dead.
The two-headed ogre closely misses you. The two-headed ogre misses you.
You hit the two-headed ogre but do no damage.
The two-headed ogre looks as sick as possible!
The two-headed ogre is almost dead.
The two-headed ogre hits you with a +0 giant club!!
You die...

...... #.....
#.$(.. ##....
#..... #.....
######.#..
##########.##..##..
#.@Ooo.........#...
##########.........
#.........)
##.......)∩
##....#..)
##..##... .......#
#...#.### #...###


You could see a two-headed ogre (extremely poisoned) and 2 orcs.

Vanquished Creatures
  Prince Ribbit (D:8)
  Sigmund (D:4)
  A wyvern (D:7)
  Duvessa (D:7)
  2 water moccasins
  2 orc warriors (D:8)
  An ice beast (D:6)
  2 ogres
  2 centaurs
  3 bullfrogs
  2 scorpions
  2 necrophages (D:6)
  3 wights (D:7)
  Dowan (D:7)
  A howler monkey (D:4)
  A vampire bat (D:3)
  6 jellies
  4 orc priests
  5 hounds
  A gnoll bouda (D:5)
  An iguana (D:6)
  4 orc wizards
  Robin (D:3)
  8 adders
  8 gnolls (D:5)
  2 shadow imps
  4 white imps
  2 ufetubi
  A worm (D:5)
  3 dart slugs
  3 fire bats (D:3)
  14 orcs
  2 spectral bats (D:3)
  10 ball pythons
  18 bats
  3 bat skeletons (D:3)
  A bat zombie (D:3)
  8 endoplasms
  A giant cockroach (D:2)
  15 goblins
  14 hobgoblins
  4 jackals (D:4)
  3 quokkas
  A bat simulacrum (D:3)
  2 frilled lizards
  8 kobolds
  6 rats
189 creatures vanquished.

Vanquished Creatures (others)
  40 fungi (D:8)
  59 plants
99 creatures vanquished.

Grand Total: 288 creatures vanquished

Notes
Turn   | Place    | Note
-------+----------+-------------------------------------------
     0 | D:1      | Armakuni the Human Fighter began the quest for the Orb.
     0 | D:1      | Reached XP level 1. HP: 18/18 MP: 1/1
   101 | D:1      | Reached skill level 1 in Staves
   108 | D:1      | Reached XP level 2. HP: 24/24 MP: 2/2
   229 | D:1      | Reached skill level 2 in Staves
   344 | D:1      | Found a faded altar of an unknown god.
   399 | D:1      | Reached XP level 3. HP: 24/29 MP: 3/3
   655 | D:2      | Found a white marble altar of Elyvilon.
   694 | D:2      | Reached skill level 3 in Staves
   760 | D:2      | Became a worshipper of Elyvilon the Healer
   781 | D:2      | Reached XP level 4. HP: 35/35 MP: 4/4
  1232 | D:2      | Reached * piety under Elyvilon
  1452 | D:2      | You fall into a shaft and drop 1 floor!
  1751 | D:3      | Noticed Robin
  1783 | D:3      | Reached skill level 4 in Staves
  1792 | D:3      | Killed Robin
  1793 | D:3      | Reached XP level 5. HP: 33/41 MP: 5/5
  2051 | D:3      | Reached ** piety under Elyvilon
  2204 | D:3      | Reached skill level 5 in Staves
  2204 | D:3      | Reached XP level 6. HP: 46/47 MP: 6/6
  2791 | D:4      | Reached *** piety under Elyvilon
  2854 | D:4      | Reached skill level 6 in Staves
  3017 | D:4      | Found a staircase to the Ecumenical Temple.
  3023 | D:4      | Noticed Sigmund
  3036 | Temple   | Entered the Ecumenical Temple
  3182 | D:4      | Killed Sigmund
  3183 | D:4      | Reached XP level 7. HP: 30/52 MP: 7/7
  3334 | D:4      | Reached skill level 7 in Staves
  3805 | D:5      | Entered Level 5 of the Dungeon
  3923 | D:5      | Reached **** piety under Elyvilon
  4395 | D:5      | Reached skill level 1 in Invocations
  4669 | D:5      | Reached XP level 8. HP: 56/58 MP: 8/10
  5083 | D:5      | Reached skill level 5 in Invocations
  5192 | D:5      | Found a shimmering blue altar of Sif Muna.
  5527 | D:6      | Found Omiulimp's General Store.
  5530 | D:6      | Found Wiazxuni's Magic Scroll Shop.
  5966 | D:6      | Reached skill level 5 in Fighting
  5966 | D:6      | Reached XP level 9. HP: 54/68 MP: 13/13
  6070 | D:6      | Found an ornate altar of the Wu Jian Council.
  6325 | D:6      | Found Yleryj's Weapon Shoppe.
  6909 | D:7      | Reached skill level 5 in Armour
  7256 | D:7      | Reached skill level 1 in Dodging
  7537 | D:7      | Noticed Duvessa
  7537 | D:7      | Noticed Dowan
  7553 | D:7      | Killed Dowan
  7571 | D:7      | Killed Duvessa
  7708 | D:8      | Noticed Prince Ribbit
  7729 | D:8      | Reached skill level 1 in Evocations
  7744 | D:8      | Killed Prince Ribbit
  7745 | D:8      | Reached XP level 10. HP: 51/76 MP: 12/14
  7791 | D:8      | Reached skill level 1 in Polearms
  7811 | D:8      | Found Nauw's Book Boutique.
  7821 | D:8      | Noticed Maurice
  7824 | D:8      | Noticed a two-headed ogre
  7840 | D:8      | Found a flagged portal.
  7840 | D:8      | Noticed a two-headed ogre
  7889 | D:8      | Mangled by a two-headed ogre

Illustrated notes

Levels and vault maps discovered:
D:1:      scummos_arrival_star, layout_rooms, chequers_ecumenical_altar_grove
D:2:      layout_basic, basic_altar, minmay_pentomino_q2
D:3:      layout_basic, goddamned_bats, uniq_robin
D:4:      layout_basic, minmay_temple_entry_offerings, uniq_sigmund
D:5:      layout_loops_ring, marbit_many_paths, serial_bayou_pond_b,
          minmay_quadrilaterals
D:6:      nicolae_cairo_tiling_large, layout_loops_ring,
          overflow_temple_1_default, serial_shops, nicolae_shop_trees, shop,
          shop, corexii_checkpoint_a
D:7:      layout_gridville, uniq_duvessa
D:8:      layout_cave_pools, due_lair_maze_entry_diamond, enter_bailey_2,
          serial_shops, nicolae_shop_trees, serial_bayou_pond_c, uniq_maurice,
          uniq_psyche, uniq_prince_ribbit1
Temple:   nicolae_temple_ecumenical_triangle

Skill      XL: |  1  2  3  4  5  6  7  8  9 10 |
---------------+-------------------------------+-----
Staves         | 1 2 3 4 5 6 7 |  7.6
Invocations    | 2 6 |  6.0
Fighting       | 5 6 |  6.0
Armour         | 6 |  6.0
Dodging        | 4 |  4.0
Evocations     | 2 3 |  3.0
Polearms       | 3 |  3.5
Maces & Flails | |  2.0
Shields        | |  3.0

Action                   |  1- 3 |  4- 6 |  7- 9 | 10-12 || total
-------------------------+-------+-------+-------+-------++-------
Melee: Flail             |   112 |   187 |   175 |       ||   474
       Short sword       |       |    26 |   237 |    50 ||   313
       Mace              |       |       |    14 |     4 ||    18
Throw: Throwing net      |       |       |     2 |       ||     2
Invok: Heal Self         |       |       |    15 |     1 ||    16
       Purification      |       |       |     3 |       ||     3
       Heal Other        |       |       |     1 |       ||     1
Evoke: Wand              |       |       |    36 |     9 ||    45
  Use: Scroll            |       |     6 |     5 |     1 ||    12
 Stab: Paralysed         |       |       |    15 |    27 ||    42
       Held in net/web   |       |       |     1 |       ||     1
Armor: Scale mail        |    15 |       |       |       ||    15
       Ring mail         |    40 |   140 |   149 |    20 ||   349
Dodge: Dodged            |    76 |   128 |   193 |    29 ||   426
Block: Buckler           |    37 |    81 |   108 |    12 ||   238

Table legend: (Time is in decaauts)
 A = Elapsed time spent in this place.
 B = Non-inter-level travel time spent in this place.
 C = Inter-level travel time spent in this place.
 D = Time resting spent in this place.
 E = Time spent auto-exploring this place.
 F = Levels seen in this place.
 G = Mean time per level.
                   A        B        C        D        E       F      G
               +--------+--------+--------+--------+--------+-----+--------+
         Total |   8009 |   7802 |    207 |   1153 |   4276 |   9 |  889.9 |
       Dungeon |   7833 |   7643 |    190 |   1043 |   4258 |   8 |  979.1 |
        Temple |    176 |    159 |     17 |    110 |     18 |   1 |  176.0 |
               +--------+--------+--------+--------+--------+-----+--------+

Top non-repeatable levels by time:
     D:5: 1512 daAuts
     D:6: 1272 daAuts
     D:4: 1184 daAuts
     D:3: 1115 daAuts
     D:7: 927 daAuts
     D:2: 876 daAuts
     D:1: 681 daAuts
     D:8: 263 daAuts
  Temple: 176 daAuts
